 Dungeon Crawl Stone Soup version 0.24-a0-173-gc15b636e9c (webtiles) character file.

Game seed: 13598169122996913093

495 MrRokkomies the Charmwright (level 6, -9/50 HPs)
             Began as a Demigod Skald on Mar 12, 2019.
             Splashed by a jelly's acid (10 damage)
             ... on level 5 of the Dungeon.
             The game lasted 00:16:10 (4889 turns).

MrRokkomies the Charmwright (Demigod Skald)         Turns: 4889, Time: 00:16:12

Health: -9/50      AC:  5    Str: 16    XL:     6   Next: 60%
Magic:  11/11      EV: 12    Int: 19    God:
Gold:   233        SH:  0    Dex: 15    Spells: 0/8 levels left

rFire    . . .     SeeInvis .   o - +2 short sword (speed)
rCold    . . .     Gourm    .   (no shield)
rNeg     . . .     Faith    .   g - +1 leather armour
rPois    .         Spirit   .   (no helmet)
rElec    .         Reflect  .   (no cloak)
rCorr    .         Harm     .   u - +0 pair of gloves
MR       .....                  (no boots)
Stlth    ++........             (no amulet)
HPRegen  0.16/turn              j - ring of stealth
MPRegen  0.12/turn              (no ring)

@: no status effects
A: high mp 1
a: no special abilities


You were on level 5 of the Dungeon.
You were not hungry.

You visited 1 branch of the dungeon, and saw 5 of its levels.

You collected 233 gold pieces.

Inventory:

Hand Weapons
 a - a +1 short sword of venom
 b - a +0 blowgun
 i - a +0 falchion
 o - a +2 short sword of speed (weapon)
Missiles
 p - 8 needles of confusion
 t - 5 poisoned needles
 v - 7 javelins (quivered)
Armour
 g - a +1 leather armour (worn)
 u - a +0 pair of gloves (worn)
Jewellery
 j - a ring of stealth (left hand)
Wands
 n - a wand of iceblast (7)
Scrolls
 c - 2 scrolls of teleportation
 e - 3 scrolls of identify
 q - a scroll of enchant armour
Potions
 f - a potion of magic
 h - a potion of flight
 k - a potion of agility
 l - a potion of lignification
 m - a potion of might
 r - a potion of cancellation
 s - a potion of mutation
 x - a potion of invisibility
Comestibles
 d - 6 rations


   Skills:
 * Level 2.8 Fighting
 * Level 4.8 Long Blades
 - Level 0.8 Armour
 - Level 1.7 Dodging
 - Level 1.7 Spellcasting
 - Level 5.0 Charms


You couldn't memorise any spells.
You knew the following spells:

 Your Spells              Type           Power        Failure   Level  Hunger
a - Infusion              Chrm           ###.         2%          1    #......
b - Shroud of Golubria    Chrm/Tloc      ##........   12%         2    ###....
c - Regeneration          Chrm/Necr      ##........   22%         3    ###....
d - Song of Slaying       Chrm           ###.....     4%          2    ###....

Your spell library contained the following spells:

 Spells                   Type           Power        Failure   Level  Hunger
 Sandblast                Erth           #.....       22%         1    #......
 Spectral Weapon          Hex/Chrm       ##......     22%         3    ###....
 Passwall                 Tmut/Erth      #.......     32%         2    ###....
 Stone Arrow              Conj/Erth      #.....       54%         3    ###....
 Petrify                  Tmut/Erth      #.......     91%         4    #####..
 Lee's Rapid Deconstruct  Erth           #.........   99%         5    ######.


Dungeon Overview and Level Annotations

Branches:
Dungeon (5/15)             Temple (0/1) D:4


Innate Abilities, Weirdness & Mutations

You have an increased reservoir of magic. (+10% MP)


Message History

The jelly hits you.
You are splashed with acid!
You hit the jelly.
Your hands burn!
The jelly is moderately wounded.
You hit the jelly.
Your hands burn!
The jelly is moderately wounded.
The jelly barely misses you.
You puncture the jelly!
Your hands burn!
The jelly is severely wounded.
The jelly hits you.
You are splashed with acid!
* * * LOW HITPOINT WARNING * * *
You hit the jelly.
Your hands burn!
* * * LOW HITPOINT WARNING * * *
The jelly is almost dead.
You hit the jelly.
Your hands burn!
* * * LOW HITPOINT WARNING * * *
The jelly is almost dead.
The jelly hits you.
* * * LOW HITPOINT WARNING * * *
You are splashed with acid!
You die...

#.... #...
#... # #.. .#
####.. .#
#....#+#.#
#....#...#####
+....J........
#....#@#.####
######...#
#......#
#......#
##.<...#
#.....#
#..........
#..........
###########


You could see a jelly.

Vanquished Creatures
  3 howler monkeys (D:4)
  An orc priest (D:3)
  A bullfrog skeleton (D:4)
  A worker ant (D:4)
  2 orc wizards
  8 gnolls
  8 adders
  A worm (D:2)
  2 dart slugs (D:2)
  4 leopard geckos
  10 orcs
  4 bats
  3 giant cockroaches
  10 goblins
  11 hobgoblins
  3 jackals
  5 kobolds
  A quokka (D:2)
  4 frilled lizards
  5 rats
87 creatures vanquished.

Notes
Turn   | Place    | Note
-------+----------+-------------------------------------------
     0 | D:1      | MrRokkomies the Demigod Skald began the quest for the Orb.
     0 | D:1      | Reached XP level 1. HP: 17/17 MP: 5/5
   372 | D:1      | Reached skill level 3 in Charms
   586 | D:1      | Reached XP level 2. HP: 19/24 MP: 5/7
  1097 | D:2      | Learned a level 2 spell: Shroud of Golubria
  1131 | D:2      | Reached XP level 3. HP: 29/29 MP: 5/8
  1162 | D:2      | Found a sacrificial altar of Ru.
  2092 | D:2      | Found a hazy altar of Hepliaklqana.
  2093 | D:2      | Found a basalt altar of Yredelemnul.
  2126 | D:2      | Reached XP level 4. HP: 35/36 MP: 3/9
  2400 | D:2      | Reached skill level 4 in Charms
  2813 | D:3      | Found a stormy altar of Qazlal.
  2822 | D:3      | Reached XP level 5. HP: 40/41 MP: 6/10
  2827 | D:3      | Learned a level 3 spell: Regeneration
  3623 | D:4      | Reached XP level 6. HP: 39/48 MP: 7/11
  3871 | D:4      | Reached skill level 5 in Charms
  4509 | D:4      | Found a staircase to the Ecumenical Temple.
  4699 | D:4      | Found a stormy altar of Qazlal.
  4860 | D:5      | Entered Level 5 of the Dungeon
  4864 | D:5      | Learned a level 2 spell: Song of Slaying
  4889 | D:5      | HP: 2/50 [acid (5)]
  4889 | D:5      | Splashed by a jelly's acid

Levels and vault maps discovered:
D:1:      minmay_arrival_checkered_box, layout_loops_cross, serial_rivers,
          chequers_serial_rivers_large_a, chequers_serial_rivers_micro_b,
          chequers_serial_rivers_micro_a, chequers_serial_rivers_micro_b,
          chequers_serial_rivers_marsh, chequers_serial_rivers_micro_c,
          minivault_26
D:2:      layout_loops_ring, nicolae_ru_the_path_less_chosen,
          gammafunk_temple_overflow_statue
D:3:      layout_rooms, old_standard_altar
D:4:      layout_cave_pods, minmay_temple_entry_large_hall, minmay_ruined_shrine
D:5:      layout_gridville, first_ration, serial_shops, nicolae_shop_crystal,
          roderic_lattice_a, columned_hall_lemuel, uniq_sigmund

Skill      XL: |  1  2  3  4  5  6 |
---------------+-------------------+-----
Long Blades    | 2 3 4 |  4.8
Charms         | 3 4 5 |  5.0
Fighting       | 2 |  2.8
Armour         | |  0.8
Dodging        | |  1.7
Spellcasting   | |  1.7

Action                   |  1- 3 |  4- 6 || total
-------------------------+-------+-------++-------
Melee: Falchion          |    85 |     1 ||    86
       Short sword       |    20 |   201 ||   221
 Fire: Blowgun           |       |    30 ||    30
 Cast: Infusion          |    10 |     7 ||    17
       Shroud of Golubri |     1 |     5 ||     6
  Use: Scroll            |     5 |    10 ||    15
 Stab: Sleeping          |     1 |     1 ||     2
       Distracted        |       |     1 ||     1
  Eat: Chunk             |     3 |    10 ||    13
Armor: Leather armour    |    16 |    59 ||    75
Dodge: Dodged            |    59 |   125 ||   184
       Rpst.: Falchion   |    17 |       ||    17

Table legend:
 A = Non-vault XP
 B = Vault XP
 C = Vault XP percentage of total XP
 D = Non-vault monster count
 E = Vault monster count
 F = Vault count percentage of total count
                 A         B        C        D         E       F
            +---------+---------+-------+---------+---------+-------
      Total |     537 |     171 |  24.2 |      82 |       5 |   5.7
            +---------+---------+-------+---------+---------+-------
        D:1 |      19 |       0 |   0.0 |      10 |       0 |   0.0
        D:2 |     140 |       0 |   0.0 |      25 |       0 |   0.0
        D:3 |     177 |       2 |   1.1 |      32 |       1 |   3.0
        D:4 |     197 |     169 |  46.2 |      13 |       4 |  23.5
        D:5 |       4 |       0 |   0.0 |       2 |       0 |   0.0
            +---------+---------+-------+---------+---------+-------
